 Dungeon Crawl Stone Soup version 0.30-a0-778-g2ef04afb54 (webtiles) character file.

Game seed: 12955444913493700232

2646 Esekla the Covert (level 9, -1/61 HPs)
             Began as an Octopode Delver on Feb 16, 2023.
             Was an Initiate of Gozag.
             Slain by a killer bee (7 damage)
             ... on level 8 of the Dungeon.
             The game lasted 00:34:14 (6964 turns).

Esekla the Covert (Octopode Delver)                 Turns: 6964, Time: 00:34:15

Health: -1/61      AC:  1    Str: 11    XL:     9   Next: 62%
Magic:  23/23      EV: 18    Int: 17    God:    Gozag
Gold:   25         SH:  4    Dex: 13    Spells: 15/15 levels left

rFire   . . .      SeeInvis .    a - +7 Spriggan's Knife {stab, EV+4 Stlth+}
rCold   . . .      Faith    .    h - +0 buckler
rNeg    . . .      Spirit   .    (helmet restricted)
rPois   .          Reflect  .    (no amulet)
rElec   .          Harm     .    j - ring of wizardry
rCorr   .          Rampage  .    H - ring of magical power
Will    .....                    (no ring)
Stlth   ++++++                   (no ring)
HPRegen 0.30/turn                (no ring)
MPRegen 0.18/turn                (no ring)
                                 (no ring)
                                 (no ring)

@: lethally poisoned (-1 -> -7), gold aura
A: almost no armour, amphibious, 8 rings, camouflage 1, gelatinous body 1,
(nimble swimmer 1), tentacles
a: Renounce Religion, Potion Petition, Call Merchant, Bribe Branch


You were on level 8 of the Dungeon.
You worshipped Gozag.
Gozag was noncommittal.
You visited 2 branches of the dungeon, and saw 9 of its levels.

You collected 1564 gold pieces.
You spent 890 gold pieces at shops.
You paid 649 gold pieces to Gozag.

Inventory:

Hand Weapons
 a - the +7 Spriggan's Knife (weapon) {stab, EV+4 Stlth+}
   (You bought it in a shop on level 5 of the Dungeon)

   Stab:      It is more effective when stabbing unaware enemies, sometimes
   treating them as though they were completely helpless.
   EV:        It affects your evasion (+4).
   Stlth:     It makes you more stealthy.
 r - a +3 spear
 K - the +9 flail of Xiddogh {vamp, Fly rC+ Str+3 Stlth+}
   (You found it on level 6 of the Dungeon)

   Str:       It affects your strength (+3).
   rC:        It protects you from cold.
   Fly:       It grants you flight.
   Stlth:     It makes you more stealthy.
 N - the +7 long sword "Ofynea" {pain, Drain rElec rN++}
   (You found it on level 7 of the Dungeon)

   rElec:     It insulates you from electricity.
   rN:        It greatly protects you from negative energy.
   Drain:     It drains your maximum health when unequipped.
Missiles
 c - a curare-tipped dart
 e - 25 poisoned darts (quivered)
 q - a throwing net
 D - 4 boomerangs
Armour
 h - a +0 buckler (worn)
Jewellery
 j - a ring of wizardry (left tentacle)
 z - a ring of fire
 H - a ring of magical power (right tentacle)
Wands
 f - a wand of digging (3)
 E - a wand of flame (18)
 J - a wand of paralysis (9)
Scrolls
 b - 4 scrolls of fog
 g - 2 scrolls of poison {unknown}
 i - a scroll of enchant armour {unknown}
 v - 3 scrolls of amnesia {unknown}
 w - 3 scrolls of immolation {unknown}
 x - a scroll of vulnerability {unknown}
 y - 2 scrolls of teleportation {unknown}
 C - a scroll of noise {unknown}
 I - 2 scrolls of fear
 L - 2 scrolls of identify
 M - a scroll of magic mapping
Potions
 d - 4 potions of brilliance
 k - 4 potions of flight
 l - a potion of degeneration {unknown}
 m - 4 potions of mutation
 n - 4 potions of might
 o - 2 potions of lignification
 p - 6 potions of curing
 t - 3 potions of invisibility
 u - 2 potions of berserk rage
 A - 2 potions of resistance
 B - a potion of experience {unknown}
 F - 2 potions of magic {unknown}
 G - a potion of heal wounds {unknown}


   Skills:
 * Level 5.0 Fighting
 + Level 1.5(4.4) Short Blades
 * Level 6.6(6.8) Long Blades
 + Level 3.6 Maces & Flails
 + Level 1.8 Throwing
 * Level 5.0 Dodging
 + Level 10.1 Stealth
 + Level 3.1 Shields
 * Level 3.8 Spellcasting


You had 15 spell levels left.
You didn't know any spells.
Your spell library contained the following spells:

 Spells                   Type           Power      Damage    Failure   Level
 Call Canine Familiar     Summ           3%         N/A       26%         3
 Portal Projectile        Hex/Tloc       6%         N/A       26%         3
 Leda's Liquefaction      Hex/Erth       1%         N/A       61%         4
 Manifold Assault         Tloc           3%         N/A       61%         4
 Dispersal                Tloc           1%         N/A       100%        6
 Disjunction              Tloc           1%         N/A       100%        8


Dungeon Overview and Level Annotations

Branches:
Dungeon (8/15)             Temple (1/1) D:5
   Lair: D:8-11

Altars:
Ashenzari
Dithmenos
Elyvilon
Fedhas
Gozag
Hepliaklqana
Kikubaaqudgha
Makhleb
Nemelex Xobeh
Okawaru
Qazlal
Ru
Sif Muna
Trog
Uskayaw
Vehumet
Wu Jian
Xom
Yredelemnul
Zin
The Shining One

Shops:
D:5 (   D:8 :

Annotations:
D:6 1 runed translucent door, Ceno's ghost, novice BaHs
D:8 Amaemon


Innate Abilities, Weirdness & Mutations

You cannot wear most types of armour.
You are amphibious.
You can wear up to eight rings at the same time.
Your skin changes colour to match your surroundings (Stealth+).
Your rubbery body absorbs attacks. (AC +1, EV +1)
((You are camouflaged when in or above water. (Stealth+)))
You have tentacles for arms and can constrict up to eight enemies at once.


Message History

The killer bee is distracted by your dazzling golden aura.
Your Fighting skill increases to level 5!
You closely miss the killer bee.
The killer bee buzzes angrily.
You grab the killer bee.
You constrict the killer bee, but do no damage.
You feel sick.
The killer bee is no longer distracted by gold.
The killer bee barely misses you.
You barely miss the killer bee. Your squeeze misses the killer bee.
You constrict the killer bee, but do no damage.
You feel sick.
The killer bee stings you but does no damage.
The killer bee misses you.
You closely miss the killer bee. You squeeze the killer bee!
The killer bee is severely wounded.
You constrict the killer bee. You block the killer bee's attack.
You puncture the killer bee!
You kill the killer bee!
You feel sick. The killer bee misses you.
You puncture the killer bee! You grab the killer bee.
The killer bee is moderately wounded.
You constrict the killer bee.
You feel sick. The killer bee misses you.
You hit the killer bee but do no damage.
You squeeze the killer bee!
The killer bee is severely wounded.
You constrict the killer bee.
You feel sick.
You are no longer poisoned.
The killer bee stings you.
* * * LOW HITPOINT WARNING * * *
You are poisoned.
The killer bee poisons you! The killer bee stings you.
* * * LOW HITPOINT WARNING * * *
You hit the killer bee but do no damage.
The killer bee is almost dead.
You constrict the killer bee.
You feel sick. The killer bee stings you.
* * * LOW HITPOINT WARNING * * *
The killer bee stings you!
You die...
Your body crumbles into a pile of gold.

########.)'..#.P#..#..#
..#######..####..#
.................#
..####.#...###### $
#...### ###.# ####.# $
#....#########
#....y@.......
#....######### #####
##.#.# #.....##..y#
..⌠.⌠y.y...#
.....!....##
#..∩......# .......#..#
#.⌠.⌠..#..#


You could see a killer bee.

Vanquished Creatures
  An orange demon (D:8)
  2 water moccasins
  An orc warrior (D:8)
  A black bear (D:6)
  2 centaurs (D:7)
  6 ogres
  2 kobold brigands
  2 bullfrogs (D:7)
  A gnoll sergeant (D:7)
  A scorpion (D:6)
  3 necrophages
  5 killer bees (D:8)
  A jelly (D:5)
  4 iguanas
  4 orc wizards
  4 adders
  6 gnolls (D:4)
  A shadow imp (D:7)
  6 white imps
  An ufetubus (D:5)
  A dart slug (D:1)
  21 orcs
  8 endoplasms
  4 giant cockroaches
  14 hobgoblins
  7 jackals
  28 kobolds
  4 quokkas
  6 ball pythons
  5 bats
  3 frilled lizards
  19 goblins
  6 rats
180 creatures vanquished.

Notes
Turn   | Place    | Note
-------+----------+-------------------------------------------
     0 | D:5      | Esekla the Octopode Delver began the quest for the Orb.
     0 | D:5      | Reached XP level 1. HP: 16/16 MP: 1/1
    51 | D:5      | Noticed an iguana
   107 | D:5      | Noticed a jelly
   128 | D:5      | Found a staircase to the Ecumenical Temple.
   129 | D:5      | Noticed an ogre
   138 | Temple   | Entered the Ecumenical Temple
   219 | Temple   | Became a worshipper of Gozag Ym Sagoz the Greedy
   359 | D:3      | Reached XP level 2. HP: 18/21 MP: 2/2
   393 | D:3      | Reached skill level 7 in Stealth
   495 | D:2      | Reached XP level 3. HP: 26/26 MP: 3/3
  1182 | D:1      | Reached skill level 1 in Shields
  1182 | D:1      | Reached XP level 4. HP: 30/31 MP: 4/4
  1850 | D:3      | Reached skill level 1 in Spellcasting
  2357 | D:4      | Noticed a necrophage
  2368 | D:4      | Killed a necrophage
  2369 | D:4      | Reached XP level 5. HP: 27/36 MP: 6/6
  2411 | D:4      | Reached skill level 8 in Stealth
  2637 | D:4      | Reached skill level 1 in Short Blades
  2641 | D:4      | Reached XP level 6. HP: 33/42 MP: 8/8
  3821 | D:5      | Reached XP level 7. HP: 47/47 MP: 9/9
  4240 | D:6      | Reached skill level 1 in Throwing
  4351 | D:6      | Reached skill level 5 in Long Blades
  4361 | D:6      | Reached XP level 8. HP: 31/54 MP: 11/11
  4468 | D:6      | Found an iron altar of Okawaru.
  4468 | D:6      | Found a sacrificial altar of Ru.
  4725 | D:6      | Noticed Ceno's ghost (novice BaHs)
  4728 | D:6      | Found a runed translucent door.
  5006 | D:6      | Identified the +9 flail of Xiddogh {vamp, Fly rC+ Str+3
                  | Stlth+}
  5364 | D:7      | Reached skill level 9 in Stealth
  5520 | D:7      | Reached skill level 1 in Maces & Flails
  5709 | D:7      | Reached XP level 9. HP: 59/59 MP: 13/13
  6084 | D:7      | Identified the +7 long sword "Ofynea" {pain, Drain rElec
                  | rN++}
  6327 | D:8      | Found Osmush's Vocational Training.
  6506 | D:8      | Noticed an orange demon
  6518 | D:8      | Killed an orange demon
  6519 | D:8      | Reached skill level 5 in Dodging
  6519 | D:8      | Reached skill level 10 in Stealth
  6703 | D:8      | Noticed Amaemon
  6809 | D:5      | Bought the +7 Spriggan's Knife {stab, EV+4 Stlth+} for 890
                  | gold pieces
  6809 | D:5      | Found the +7 Spriggan's Knife {stab, EV+4 Stlth+}
  6958 | D:8      | Reached skill level 5 in Fighting
  6964 | D:8      | Slain by a killer bee

Illustrated notes

Levels and vault maps discovered:
D:1:      ebering_trefoil_3fold, layout_basic, st_stairs_3,
          nicolae_figureground_pulse
D:2:      layout_rooms
D:3:      layout_loops_ring, minmay_close_crescents
D:4:      layout_basic, minmay_cupped
D:5:      layout_rooms, minmay_temple_entry_glass,
          hangedman_abyss_or_decor_jellyfish_corner, nicolae_eternal_life
D:6:      layout_loops_ring, chequers_temple_overflow_statue_of_worship,
          hellmonk_ghost_happy_afterlife, minmay_ogre_servants
D:7:      layout_gridville, minmay_bent
D:8:      corexii_shantytown, layout_loops_ring, nicolae_shop_vocational,
          uniq_amaemon
Temple:   compressed_dpeg_triangle_lava_temple

Skill      XL: |  1  2  3  4  5  6  7  8  9 |
---------------+----------------------------+-----
Stealth        | 7 8 9 10 | 10.1
Shields        | 1 2 3 |  3.1
Spellcasting   | 1 2 3 |  3.8
Short Blades   | 1 |  1.5
Long Blades    | 4 5 6 |  6.6
Dodging        | 3 4 5 |  5.0
Throwing       | 1 |  1.8
Fighting       | 4 5 |  5.0
Maces & Flails | 1 3 |  3.6

Action                     |  1- 3 |  4- 6 |  7- 9 || total
---------------------------+-------+-------+-------++-------
  Melee: Falchion          |    23 |       |       ||    23
         Constrict         |    17 |    24 |    30 ||    71
         Dagger            |    26 |    22 |    19 ||    67
         Tentacles         |     6 |    19 |    44 ||    69
         Long sword        |    12 |    80 |    44 ||   136
         Flail             |       |       |    89 ||    89
         Punch             |       |       |     1 ||     1
         Knife             |       |       |    33 ||    33
  Throw: Dart              |       |    16 |     9 ||    25
         Boomerang         |       |       |     5 ||     5
 Invoke: Call Merchant     |       |       |     1 ||     1
    Use: Scroll            |     2 |     1 |     9 ||    12
         Potion            |     1 |       |     1 ||     2
   Stab: Sleeping          |    18 |    18 |    18 ||    54
         Distracted        |       |     1 |     2 ||     3
 Armour: Skin              |     7 |     2 |     5 ||    14
  Dodge: Dodged            |    24 |    46 |   105 ||   175
  Block: Buckler           |     9 |    17 |    31 ||    57

Table legend: (Time is in decaauts)
 A = Elapsed time spent in this place.
 B = Non-inter-level travel time spent in this place.
 C = Inter-level travel time spent in this place.
 D = Time resting spent in this place.
 E = Time spent auto-exploring this place.
 F = Levels seen in this place.
 G = Mean time per level.
                   A        B        C        D        E       F      G
               +--------+--------+--------+--------+--------+-----+--------+
         Total |   6975 |   6832 |    143 |   1411 |   1813 |   9 |  775.0 |
       Dungeon |   6878 |   6735 |    143 |   1411 |   1752 |   8 |  859.8 |
        Temple |     96 |     96 |      0 |      0 |     61 |   1 |   96.0 |
               +--------+--------+--------+--------+--------+-----+--------+

Top non-repeatable levels by time:
     D:6: 1137 daAuts
     D:4: 1063 daAuts
     D:5: 1040 daAuts
     D:1: 908 daAuts
     D:7: 897 daAuts
     D:3: 720 daAuts
     D:8: 702 daAuts
     D:2: 408 daAuts
  Temple: 96 daAuts
